Map: Ulrena

Players

EGIdrA - Winner!

  • Race: Zerg Zerg
  • League: Bronze

Gracz

  • Race: Zerg Zerg
  • League: Bronze

VOD

Have the link to the VOD?

Description

Time

  • Played on: May 5, 2016, 1:41 p.m.
  • Length: 5:22
Show
View Real Time Build Order
Export as new Build Order

EGIdrA Zerg - Winner!

Build Orders: Hatch First, Zergling Baneling 

Get SALT Encoding   

  12  0:01  Drone  
  13  0:12  Overlord  
  13  0:17  Drone  
  14  0:31  Drone x2  
  14  0:34  Drone  
  17  0:55  Hatchery  
  16  1:02  Drone  
  16  1:03  Drone  
  18  1:15  Extractor  
  18  1:18  Spawning Pool  
  16  1:19  Drone  
  16  1:23  Drone  
  18  1:33  Drone  
  20  2:08  Zergling x6  
  20  2:09  Zergling x2  
  23  2:24  Queen  
  23  2:25  Queen, Baneling Nest  
  23  2:29  Zergling x4  
  28  2:30  Overlord  
  28  2:38  Metabolic Boost  
  28  2:53  Drone  
  28  2:55  Drone x3  
  32  3:02  Zergling x4  
  34  3:12  Baneling  
  34  3:13  Baneling x2  
  34  3:15  Baneling  
  34  3:17  Zergling x4  
  36  3:42  Overlord x2  
  33  4:06  Zergling x6  
  33  4:07  Zergling x10  
  41  4:11  Baneling  
  41  4:12  Baneling x5  
  41  4:16  Drone  
  42  4:17  Drone x5  
  45  4:49  Hatchery  
  44  4:53  Zergling x10  
  46  5:19  Spore Crawler  
  46  5:21  Spore Crawler  
Show
View Real Time Build Order
Export as new Build Order

Gracz Zerg 

Build Orders: Pool First 

Get SALT Encoding   

  12  0:03  Drone  
  13  0:08  Drone  
  14  0:19  Extractor  
  14  0:20  Drone  
  15  0:33  Spawning Pool  
  14  0:39  Overlord  
  14  1:20  Zergling x2  
  14  1:21  Zergling x4  
  17  1:30  Queen  
  17  2:46  Drone  
  17  2:47  Drone x2  
  17  2:50  Extractor  
  19  3:04  Hatchery  
  18  3:27  Queen  
  17  3:58  Zergling x10  
  2  4:30  Hatchery  
    5:05  Zergling x4  
Tags
 
Add a new tag
Caveats
  • Supply blocks, unpowered buildings, or Contaminate may cause inaccurate times.
  • Supply counts are checked every 10 seconds.